 Dungeon Sprint DCSS version 0.25.1-2-g60ff931df9 (webtiles) character file.

Game seed: 12196858897400454523

1976 sahdkjhfkaj the Tainter (level 9, -12/105 HPs)
             Began as an Ogre Venom Mage on Oct 21, 2020.
             Was a High Priest of Vehumet.
             Mangled by a shadow wraith (25 damage)
             ... in the Dungeon (Sprint VII: "The Pits").
             The game lasted 00:07:09 (1970 turns).

sahdkjhfkaj the Tainter (Ogre Venom Mage)           Turns: 1970, Time: 00:07:10

Health: -12/105    AC:  3    Str: 14    XL:     9   Next: 20%
Magic:  2/22       EV: 10    Int: 19    God:    Vehumet [*****.]
Gold:   0          SH: 10    Dex:  9    Spells: 12/27 levels left

rFire    . . .     SeeInvis .   o - staff of energy
rCold    . . .     Gourm    .   b - +0 kite shield
rNeg     . . .     Faith    .   a - +0 robe
rPois    .         Spirit   .   (helmet restricted)
rElec    .         Reflect  .   (no cloak)
rCorr    .         Harm     .   (gloves unavailable)
MR       .....     NoTele   +   (boots unavailable)
Stlth    +.........             (no amulet)
HPRegen  0.27/turn              (no ring)
MPRegen  0.18/turn              (no ring)

@: very slightly contaminated, slowed, very slow
A: large, unfitting armour, tough skin 1
a: Renounce Religion


You were in the Dungeon.
You worshipped Vehumet.
Vehumet was extremely pleased with you.
You were not hungry.

You visited 1 branch

Inventory:

Armour
 a - a +0 robe (worn)
 b - a +0 kite shield (worn)
Magical Staves
 o - an uncursed staff of energy (weapon)
Jewellery
 j - a +3 ring of dexterity
 n - a +3 ring of intelligence
Scrolls
 l - 3 scrolls of remove curse
 m - 5 scrolls of amnesia
Potions
 d - 4 potions of curing
 e - 6 potions of heal wounds
 g - 3 potions of magic
 h - 4 potions of berserk rage
 k - 2 potions of invisibility
 p - a potion of brilliance
 q - 2 potions of stabbing
 r - a potion of mutation
Comestibles
 c - 9 rations
 i - a chunk of flesh


   Skills:
 - Level 11.1 Fighting
 - Level 1.7 Dodging
 - Level 1.4 Stealth
 + Level 8.6 Shields
 - Level 9.8 Spellcasting
 - Level 2.4 Conjurations
 - Level 2.7 Transmutations
 - Level 1.5 Fire Magic
 - Level 1.6 Earth Magic
 - Level 11.4 Poison Magic


You had 12 spell levels left.
You knew the following spells:

 Your Spells              Type           Power        Failure   Level  Hunger
a - Sting                 Tmut/Pois      ####         1%          1    None
b - Poisonous Vapours     Pois/Air       ####..       1%          2    None
e - Ignite Poison         Fire/Tmut/Pois ####....     1%          3    None
m - Bolt of Magma         Conj/Fire/Erth ###.......   26%         5    None
o - Olgreb's Toxic Radia  Pois           ######..     1%          4    None

Your spell library contained the following spells:

 Spells                   Type           Power        Failure   Level  Hunger
 Orb of Destruction       Conj           ###.......   99%         7    None
 Mephitic Cloud           Conj/Pois/Air  ####....     1%          3    None


Dungeon Overview and Level Annotations

Branches:
Dungeon (1/1)

Altars:
Ashenzari
Cheibriados
Dithmenos
Elyvilon
Fedhas
Gozag
Hepliaklqana
Kikubaaqudgha
Makhleb
Nemelex Xobeh
Okawaru
Qazlal
Ru
Sif Muna
Trog
Uskayaw
Vehumet
Wu Jian
Xom
Yredelemnul
Zin
The Shining One
Beogh
Jiyva
Lugonu


Innate Abilities, Weirdness & Mutations

You are too large for most types of armour.
You have tough skin. (AC +1)


Message History

Unknown command.
Casting: Bolt of Magma (dangerous; 26% risk of failure)
Confirm with . or Enter, or press ? or * to list all spells.
Aiming: Bolt of Magma (dangerous; 26% risk of failure)
Press: ? - help, Shift-Dir - straight line, f/p - ice beast
Aim: an ice beast (severely wounded)
You miscast Bolt of Magma.
You are blasted with searing flames!
* * * LOW HITPOINT WARNING * * *
Something hits you!
* * * LOW HITPOINT WARNING * * *
Something drains your vigour!
You feel as though you will be slow longer.
Unknown command.
Unknown command.
Your extra speed is starting to run out.
You feel yourself slow down.
Things that are here:
a +2 great sword; a +0 robe Something hits you!!
You die...

#.#.)#..#..##......
#)##'#..#)###...<..
#.#......).##......
#.#........##......
#)###########......
#)).....#..########
#..###..#)#########
#.......#)#....#..[
##@###.##'#....#..[
#..{Y...#.'....'..)
#..###..#'#.รท..#..)
#.......'.#....#..)
###################


You could see an ice beast.

Vanquished Creatures
  A deep elf mage (D)
  An orange demon (D)
  3 yaks (D)
  Sigmund (D)
  A warg (D)
  2 water moccasins (D)
  A floating eye (D)
  A gnoll sergeant (D)
  A scorpion (D)
  A wight (D)
  A gnoll shaman (D)
  5 gnolls (D)
  2 adders (D)
  2 ufetubi (D)
  An ooze (D)
  A giant cockroach (D)
  A kobold (D)
  3 quokkas (D)
  A frilled lizard (D)
  A rat (D)
31 creatures vanquished.

Notes
Turn   | Place    | Note
-------+----------+-------------------------------------------
     0 | D        | sahdkjhfkaj the Ogre Venom Mage began the quest for the
                  | Orb.
     0 | D        | Reached XP level 1. HP: 16/16 MP: 3/3
    13 | D        | Reached skill level 1 in Fighting
    53 | D        | Found a bloodstained altar of Trog.
    53 | D        | Found a shimmering blue altar of Sif Muna.
    53 | D        | Found a viscous altar of Jiyva.
    53 | D        | Found a hazy altar of Hepliaklqana.
    53 | D        | Found an opulent altar of Gozag.
    54 | D        | Found a glowing golden altar of the Shining One.
    54 | D        | Found a glowing silver altar of Zin.
    54 | D        | Found a basalt altar of Yredelemnul.
    54 | D        | Found a shimmering altar of Xom.
    54 | D        | Found an ornate altar of the Wu Jian Council.
    54 | D        | Found a sacrificial altar of Ru.
    54 | D        | Found a stormy altar of Qazlal.
    54 | D        | Found an iron altar of Okawaru.
    54 | D        | Found a sparkling altar of Nemelex Xobeh.
    54 | D        | Found a burning altar of Makhleb.
    54 | D        | Found a blossoming altar of Fedhas.
    54 | D        | Found a white marble altar of Elyvilon.
    54 | D        | Found a shadowy altar of Dithmenos.
    54 | D        | Found a snail-covered altar of Cheibriados.
    57 | D        | Found a corrupted altar of Lugonu.
    57 | D        | Found a radiant altar of Vehumet.
    57 | D        | Found a roughly hewn altar of Beogh.
    58 | D        | Found an ancient bone altar of Kikubaaqudgha.
    58 | D        | Found a hide-covered altar of Uskayaw.
    58 | D        | Found a shattered altar of Ashenzari.
    66 | D        | Became a worshipper of Vehumet
   125 | D        | Reached XP level 2. HP: 22/28 MP: 0/6
   254 | D        | Reached * piety under Vehumet
   254 | D        | Offered knowledge of Freeze by Vehumet.
   277 | D        | Learned a level 2 spell: Poisonous Vapours
   318 | D        | Reached ** piety under Vehumet
   319 | D        | Reached XP level 3. HP: 37/37 MP: 1/8
   424 | D        | Learned a level 3 spell: Ignite Poison
   432 | D        | Noticed a deep elf mage
   432 | D        | Noticed Sigmund
   432 | D        | Noticed a water moccasin
   438 | D        | Killed Sigmund
   438 | D        | Offered knowledge of Magic Dart by Vehumet.
   438 | D        | Reached *** piety under Vehumet
   438 | D        | Reached XP level 4. HP: 36/55 MP: 1/12
   438 | D        | Reached XP level 5. HP: 41/62 MP: 1/13
   479 | D        | Learned a level 4 spell: Olgreb's Toxic Radiance
   676 | D        | Offered knowledge of Conjure Flame by Vehumet.
   684 | D        | Killed a water moccasin
   684 | D        | Reached XP level 6. HP: 53/72 MP: 3/16
   693 | D        | Noticed an ice beast
   694 | D        | Reached **** piety under Vehumet
   745 | D        | HP: 1/74 [deep elf mage/shard of ice (25)]
   757 | D        | Noticed an ice beast
   761 | D        | Noticed an ice beast
   761 | D        | Killed a deep elf mage
   761 | D        | Reached skill level 10 in Fighting
   761 | D        | Reached XP level 7. HP: 47/87 MP: 2/19
   948 | D        | Offered knowledge of Iskenderun's Mystic Blast by Vehumet.
  1004 | D        | Noticed a warg
  1009 | D        | Killed a warg
  1009 | D        | Reached XP level 8. HP: 72/97 MP: 14/21
  1221 | D        | Offered knowledge of Bolt of Magma by Vehumet.
  1411 | D        | Learned a level 5 spell: Bolt of Magma
  1420 | D        | Reached ***** piety under Vehumet
  1420 | D        | Offered knowledge of Orb of Destruction by Vehumet.
  1420 | D        | Reached skill level 1 in Transmutations
  1420 | D        | Reached skill level 1 in Conjurations
  1421 | D        | Reached skill level 1 in Fire Magic
  1421 | D        | Reached skill level 1 in Earth Magic
  1720 | D        | Noticed an orange demon
  1720 | D        | Noticed a yak
  1720 | D        | Noticed a yak
  1720 | D        | Noticed a yak
  1721 | D        | Paralysed by a floating eye for 3 turns
  1725 | D        | Killed a yak
  1725 | D        | Killed a yak
  1725 | D        | Killed a yak
  1725 | D        | Reached XP level 9. HP: 79/105 MP: 20/22
  1727 | D        | Killed an orange demon
  1970 | D        | Mangled by a shadow wraith

Illustrated notes

Levels and vault maps discovered:
D:        pitsprint [storerooms_1, entrance_room_1, metal_vault_7, armoury_2,
          mini_pit_1, grid_room_1, main_hall_1, silver_pit, the_coven_3,
          the_vestibule_1, steel_vault_4, golden_pit, hallway_of_sentries,
          crystal_vault_1, iron_vault_2, final_vault]

Skill      XL: |  1  2  3  4  5  6  7  8  9 |
---------------+----------------------------+-----
Fighting       | 2 3 7 8 10 11 | 11.1
Poison Magic   | 3 4 7 8 11 | 11.4
Spellcasting   | 3 6 7 9 |  9.8
Transmutations | 2 |  2.7
Conjurations   | 2 |  2.4
Fire Magic     | 1 |  1.5
Earth Magic    | 1 |  1.6
Shields        | 7 8 |  8.6
Dodging        | |  1.7
Stealth        | |  1.4

Action                   |  1- 3 |  4- 6 |  7- 9 || total
-------------------------+-------+-------+-------++-------
Melee: Staff             |    11 |    10 |    11 ||    32
 Cast: Sting             |    13 |    11 |    14 ||    38
       Poisonous Vapours |     5 |       |       ||     5
       Ignite Poison     |       |     5 |     8 ||    13
       Olgreb's Toxic Ra |       |     2 |     5 ||     7
       Bolt of Magma     |       |       |     3 ||     3
  Use: Potion            |     1 |     4 |     4 ||     9
       Scroll            |       |     2 |       ||     2
  Eat: Chunk             |       |       |     3 ||     3
Armor: Robe              |     5 |     3 |     2 ||    10
Dodge: Dodged            |    14 |    14 |    10 ||    38
Block: Kite shield       |       |       |     8 ||     8
